[Event "GEO-ch U20 Girls 2020"]
[Site "Tbilisi"]
[Date "2020.08.12"]
[Round "7.7"]
[White "Koridze, Lile"]
[Black "Donghvani, Nia"]
[Result "1/2-1/2"]
[ECO "A61"]
[WhiteElo "1996"]
[BlackElo "1994"]
[Annotator "ChessBase"]
[PlyCount "123"]
[EventDate "2020.08.06"]
[EventType "tourn"]
[EventCountry "GEO"]
[SourceTitle "playchess.com"]
[Source "ChessBase"]
[SourceQuality "1"]
[TimeControl "40/5400+30:1800+30"]

1. d4 Nf6 2. c4 c5 3. d5 e6 4. Nc3 exd5 5. cxd5 d6 6. Nf3 g6 7. Nd2 Bg7 8. Nc4 O-O 9. Bg5 Qe7 10. Qd2 Na6 11. e3 h6 12. Bf4 Rd8 13. h3 Nc7 14. a4 b6 15. Be2 Ba6 16. O-O Ne4 17. Nxe4 Bxc4 18. Bxc4 Qxe4 19. Rac1 a6 20. b4 b5 21. Bd3 Qxd5 22. Qc2 Rac8 23. Rfd1 Qe6 24. Be4 c4 25. axb5 axb5 26. Bb7 Rb8 27. Bf3 Qf6 28. Qa2 Bf8 29. Qa7 Ne8 30. Bc6 Qe7 31. Qd4 Bg7 32. Qd2 Rb6 33. Bf3 Nf6 34. e4 Ra6 35. e5 Ne8 36. Qd5 Rb6 37. exd6 Nxd6 38. Qc5 Nc8 39. Rxd8+ Qxd8 40. Bc7 Qg5 41. Qxg5 hxg5 42. Bxb6 Nxb6 43. Bc6 Bb2 44. Rc2 c3 45. Bxb5 Nd5 46. Ba4 Nxb4 47. Re2 Kg7 48. g3 Kf6 49. Kg2 Nd3 50. Bc2 Ne5 51. Re4 Bc1 52. f4 gxf4 53. gxf4 Nd7 54. Rc4 Bd2 55. Rc6+ Ke7 56. Bb3 Bxf4 57. Rxc3 Be5 58. Rc6 g5 59. Ra6 f6 60. Rc6 Nf8 61. Kf3 Ng6 62. Ra6 1/2-1/2

[Event "GEO-ch U20 Girls 2020"]
[Site "Tbilisi"]
[Date "2020.08.12"]
[Round "7.8"]
[White "Pipia, Ekaterine"]
[Black "Tsotsonava, Elene"]
[Result "1/2-1/2"]
[ECO "D24"]
[WhiteElo "2071"]
[BlackElo "2012"]
[Annotator "ChessBase"]
[PlyCount "72"]
[EventDate "2020.08.06"]
[EventType "tourn"]
[EventCountry "GEO"]
[SourceTitle "playchess.com"]
[Source "ChessBase"]
[SourceQuality "1"]
[TimeControl "40/5400+30:1800+30"]

1. d4 d5 2. Nf3 Nf6 3. c4 dxc4 4. Nc3 a6 5. e4 b5 6. Bg5 Bb7 7. Ne5 h6 8. Bh4 Nbd7 9. Nxf7 Kxf7 10. e5 Nxe5 11. dxe5 Qxd1+ 12. Rxd1 Ne4 13. Nd5 e6 14. Nxc7 Bb4+ 15. Ke2 Nc5 16. Nxa8 Rxa8 17. Ke3 Bd5 18. Be2 Na4 19. Bf3 Bxf3 20. gxf3 Nxb2 21. Rd7+ Kf8 22. f4 Bc5+ 23. Kf3 Nd3 24. Rc7 Ra7 25. Rxa7 Bxa7 26. Rd1 a5 27. Bd8 a4 28. Ba5 Bc5 29. Bd2 b4 30. Ke2 Nb2 31. Rc1 Kf7 32. Be3 Bxe3 33. Kxe3 a3 34. Kd2 Kg6 35. Rg1+ Kf7 36. Kc2 Nd3 1/2-1/2

[Event "GEO-ch U20 Girls 2020"]
[Site "Tbilisi"]
[Date "2020.08.12"]
[Round "7.9"]
[White "Esadze, Tamari"]
[Black "Bedoshvili, Dea"]
[Result "1-0"]
[ECO "C10"]
[WhiteElo "1882"]
[BlackElo "1587"]
[Annotator "NA RC"]
[PlyCount "39"]
[EventDate "2020.08.06"]
[EventType "tourn"]
[EventCountry "GEO"]
[SourceTitle "playchess.com"]
[Source "ChessBase"]
[SourceQuality "1"]
[TimeControl "40/5400+30:1800+30"]

1. e4 e6 2. d4 d5 3. Nd2 dxe4 4. Nxe4 Nd7 5. Nf3 Ngf6 6. Nxf6+ Nxf6 7. Bd3 Be7 8. O-O O-O 9. c3 h6 {[%emt 0:00:31] C10: French with 3 Nc3: Unusual Black 3rd moves and 3...dxe4.} 10. Re1 b6 {[%emt 0:00:07] [#]} (10... c5 $14) 11. Bc2 ({White should play} 11. Ne5 $1 $16) 11... Bb7 {[%emt 0:03:45] [#]} 12. Qd3 $146 ({Predecessor:} 12. Bf4 c5 13. Qe2 cxd4 14. Nxd4 Qd5 15. f3 Rfd8 16. Bb3 Qc5 17. Kh1 Bd5 18. Bc2 Bc4 19. Qf2 {½-½ (36) Morgunov,M (2341)-Brehovsky,P (2149) Playchess.com INT 2020}) 12... Qd5 13. c4 ({White should try} 13. Bf4 $16) 13... Qh5 {[%emt 0:01:06] [#]} (13... Qd6 $11) 14. Re5 $1 Qg4 15. h3 Be4 $2 (15... Qg6) 16. Qe3 ({But not} 16. hxg4 Bxd3 17. Bxd3 Nxg4 $18) ({Not} 16. Rxe4 Qxe4 17. Qxe4 Nxe4 $18) (16. Qxe4 $142 Qxe4 17. Bxe4) 16... Qg6 $2 (16... Qxf3 {was necessary.} 17. gxf3 Bxc2) 17. Bxe4 Nxe4 18. Rxe4 Rae8 19. Ne5 Qh5 20. Qe2 $18 1-0

[Event "GEO-ch U20 Girls 2020"]
[Site "Tbilisi"]
[Date "2020.08.12"]
[Round "7.11"]
[White "Antia, Sopia"]
[Black "Kirtadze, Anastasia"]
[Result "1/2-1/2"]
[ECO "A48"]
[WhiteElo "1653"]
[BlackElo "1679"]
[Annotator "NA"]
[PlyCount "67"]
[EventDate "2020.08.06"]
[EventType "tourn"]
[EventCountry "GEO"]
[SourceTitle "playchess.com"]
[Source "ChessBase"]
[SourceQuality "1"]
[TimeControl "40/5400+30:1800+30"]

1. d4 Nf6 2. Nf3 g6 3. Nbd2 Bg7 4. e4 d6 5. Bc4 O-O 6. O-O Nc6 7. Re1 e5 8. d5 Ne7 9. Bf1 Nd7 10. a3 a5 11. Rb1 h6 12. b4 f5 13. c4 f4 14. Qc2 b6 15. Bb2 g5 16. h3 Ng6 17. Nb3 a4 18. Nc1 h5 19. Nh2 g4 20. hxg4 hxg4 21. Nxg4 Qh4 22. f3 Qxe1 23. Nf2 Qe3 24. Ncd3 Nh4 25. Be2 b5 26. c5 dxc5 27. Bc1 Qd4 28. Bb2 Qc4 29. Qd2 Qa2 30. Ra1 Qb3 31. Bd1 Qc4 32. Rc1 Qa2 33. Ra1 Qc4 34. Rc1 1/2-1/2

[Event "GEO-ch U20 Girls 2020"]
[Site "Tbilisi"]
[Date "2020.08.12"]
[Round "7.12"]
[White "Oniani, Tamar"]
[Black "Mgeladze, Kesaria"]
[Result "1/2-1/2"]
[ECO "E73"]
[WhiteElo "1569"]
[BlackElo "1215"]
[Annotator "NA"]
[PlyCount "97"]
[EventDate "2020.08.06"]
[EventType "tourn"]
[EventCountry "GEO"]
[SourceTitle "playchess.com"]
[Source "ChessBase"]
[SourceQuality "1"]
[TimeControl "40/5400+30:1800+30"]

1. d4 Nf6 2. c4 g6 3. Nc3 Bg7 4. e4 d6 5. Be2 O-O 6. Bg5 Nc6 7. d5 Nb8 8. Qd2 Nbd7 9. h4 Nc5 10. f3 h5 11. Nh3 c6 12. Bh6 Qa5 13. Rb1 Qc7 14. Nf2 cxd5 15. cxd5 a6 16. g4 b5 17. b4 Bxh6 18. Qxh6 Nd3+ 19. Nxd3 Qxc3+ 20. Kf2 Bb7 21. gxh5 Nxh5 22. Rbg1 Qd4+ 23. Kf1 Qg7 24. Qg5 Qa1+ 25. Ne1 Qe5 26. Qxe5 dxe5 27. Rg5 Rac8 28. Rhg1 Nf4 29. Rxe5 e6 30. dxe6 Nxe6 31. h5 Nf4 32. Rg4 Nxe2 33. Kxe2 Rc4 34. Re7 Bc8 35. Rg5 Kg7 36. hxg6 Rxb4 37. Rxf7+ Rxf7 38. gxf7+ Kxf7 39. Rc5 Be6 40. Nc2 Rb2 41. a3 Rb3 42. f4 Bc4+ 43. Kd2 Rf3 44. Rf5+ Ke7 45. Re5+ Kf6 46. Rf5+ Ke7 47. Re5+ Kd6 48. Rf5 Ke7 49. Re5+ 1/2-1/2

[Event "GEO-ch U20 Girls 2020"]
[Site "Tbilisi"]
[Date "2020.08.13"]
[Round "8.11"]
[White "Mgeladze, Kesaria"]
[Black "Antia, Sopia"]
[Result "0-1"]
[ECO "B22"]
[WhiteElo "1215"]
[BlackElo "1653"]
[Annotator "NA RC"]
[PlyCount "144"]
[EventDate "2020.08.06"]
[EventType "tourn"]
[EventCountry "GEO"]
[SourceTitle "playchess.com"]
[Source "ChessBase"]
[SourceQuality "1"]
[TimeControl "40/5400+30:1800+30"]

1. e4 c5 2. c3 e6 3. d4 d5 4. exd5 exd5 5. Nf3 Nc6 6. Be3 Qb6 7. Qb3 c4 8. Qxb6 axb6 9. g3 Bf5 10. Nbd2 b5 11. Ne5 b4 12. Bg2 bxc3 13. bxc3 f6 14. Nxc6 bxc6 15. Nxc4 Ra6 16. Nd2 Ba3 17. Nb3 Bb2 18. Kd2 Bxa1 19. Rxa1 Ne7 20. a4 O-O 21. Bf1 Rb6 22. Nc5 Rb2+ 23. Kd1 Rfb8 24. a5 Rb1+ 25. Rxb1 Rxb1+ 26. Bc1 Nc8 27. Ba6 Na7 28. Bb7 Kf7 29. a6 Ke8 30. Kd2 Kd8 31. Ba3 Ra1 32. Bb4 Bc8 33. Nb3 Ra2+ 34. Ke3 Kc7 35. Na5 Bh3 36. Nb3 Bf1 37. Nc5 Kb6 38. Nd7+ Kc7 39. Nc5 Bh3 40. Nb3 Nc8 41. Na5 Bd7 42. Nb3 Nb6 43. Ba5 Ra3 44. Bxb6+ Kxb6 45. Nc5 Bh3 46. Ke2 Kc7 47. Kd3 Bc8 48. Kd2 Ra2+ 49. Ke3 Bxb7 50. axb7 Rc2 51. Ne6+ Kxb7 52. Nxg7 Rxc3+ 53. Kd2 Rc4 54. Kd3 c5 55. dxc5 Rxc5 56. Ne6 Rc1 57. Nf4 Kc6 58. Nh5 f5 59. h4 Kd6 60. Nf6 h6 61. Ng8 Ke5 62. Nxh6 Rc7 63. g4 Rc4 64. f3 Rf4 65. Nxf5 Rxf3+ 66. Ke2 Rf4 67. Nh6 Kf6 68. Ke3 Ra4 69. Ng8+ Kg7 70. Ne7 Re4+ 71. Kd3 Rxe7 72. Kd4 Re4+ 0-1

[Event "GEO-ch U20 Girls 2020"]
[Site "Tbilisi"]
[Date "2020.08.13"]
[Round "8.12"]
[White "Bechvaia, Maia"]
[Black "Tsetskhladze, Mariam"]
[Result "1/2-1/2"]
[ECO "C41"]
[WhiteElo "1597"]
[BlackElo "1397"]
[Annotator "NA RC"]
[PlyCount "70"]
[EventDate "2020.08.06"]
[EventType "tourn"]
[EventCountry "GEO"]
[SourceTitle "playchess.com"]
[Source "ChessBase"]
[SourceQuality "1"]
[TimeControl "40/5400+30:1800+30"]

1. e4 e5 2. Nf3 d6 3. d4 exd4 4. Nxd4 Nf6 5. Nc3 Be7 6. Bc4 O-O 7. O-O a6 8. Qf3 c6 9. Bb3 b5 10. Bf4 Bg4 11. Qg3 Bc8 12. Qd3 c5 13. Ndxb5 axb5 14. Nxb5 Bb7 15. Rfe1 d5 16. exd5 Bxd5 17. Nc7 Bxb3 18. Nxa8 Qxd3 19. cxd3 Be6 20. Nc7 Nh5 21. Nxe6 fxe6 22. Be5 Nd7 23. Bc3 Nf4 24. Rad1 Kf7 25. d4 Nd5 26. dxc5 Nxc5 27. Bd4 Rb8 28. f4 Bd6 29. g3 g6 30. Re2 Ke7 31. Kh1 Kd7 32. Rc2 Rb5 33. a3 Nb3 34. Bf2 Rb8 35. Kg2 Rb7 1/2-1/2

[Event "GEO-ch U20 Girls 2020"]
[Site "Tbilisi"]
[Date "2020.08.14"]
[Round "9.10"]
[White "Esadze, Tamari"]
[Black "Antia, Sopia"]
[Result "1-0"]
[ECO "B41"]
[WhiteElo "1882"]
[BlackElo "1653"]
[Annotator "NA RC"]
[PlyCount "54"]
[EventDate "2020.08.06"]
[EventType "tourn"]
[EventCountry "GEO"]
[SourceTitle "playchess.com"]
[Source "ChessBase"]
[SourceQuality "1"]
[TimeControl "40/5400+30:1800+30"]

1. e4 c5 2. Nf3 e6 3. d4 cxd4 4. Nxd4 a6 5. c4 Nf6 6. Nc3 Bb4 7. Bd3 O-O {[%emt 0:04:48] B41: Sicilian: Kan Variation: 5 c4.} (7... Qc7 $11) 8. O-O (8. e5 $5 Ne8 9. Nf3 $14) 8... d5 (8... Bxc3 $11 9. bxc3 e5) 9. cxd5 exd5 10. e5 Ng4 {[%emt 0:10:03] [#]} 11. e6 $146 ({Predecessor:} 11. Nf3 Bxc3 12. bxc3 Nc6 13. h3 Ngxe5 14. Nxe5 Nxe5 15. Bxh7+ Kxh7 16. Qh5+ Kg8 17. Qxe5 {1-0 (66) Jopek,E (1927)-Klein,G (1803) Germany 2012}) 11... Qh4 $2 {[%emt 0:05:15] [#]} (11... Ne5 $14) 12. h3 (12. Nf3 $1 $18 {is the precise move to win.} Qh5 {[#]} 13. Nxd5 $1 ) 12... Bc5 13. Qxg4 Qxg4 14. hxg4 Bxd4 15. e7 Re8 16. Nxd5 Be5 17. Nb6 Ra7 18. Be3 Be6 19. Nd7 Nxd7 20. Bxa7 Rxe7 21. f4 Bxb2 22. Rab1 Ba3 23. Rxb7 Bxg4 24. Bxa6 Kf8 25. Bb5 g6 26. Bd4 Re4 27. Bxd7 $18 Rxd4 1-0